 Dungeon Crawl Stone Soup version 0.29.0-4-gdea44cf6ec (webtiles) character file.

Game seed: 4280370616929565189

38 qw the Chopper (level 3, 0/21 HPs)
             Began as a Tengu Warper on Aug 28, 2022.
             Succumbed to an adder's poison
             ... on level 2 of the Dungeon.
             The game lasted 00:00:04 (1247 turns).

qw the Chopper (Tengu Warper)                       Turns: 1247, Time: 00:00:05

Health: 0/21       AC:  3    Str: 13    XL:     3   Next: 43%
Magic:  7/7        EV: 12    Int: 13    God:
Gold:   24         SH:  0    Dex: 13    Spells: 6/6 levels left

rFire   . . .      SeeInvis .   Y - +0 hand axe
rCold   . . .      Faith    .   (no shield)
rNeg    . . .      Spirit   .   b - +0 leather armour
rPois   .          Reflect  .   (helmet restricted)
rElec   .          Harm     .   (no cloak)
rCorr   .          Rampage  .   (no gloves)
Will    .....                   (boots unavailable)
Stlth   +.........              (no amulet)
HPRegen 0.07/turn               (no ring)
MPRegen 0.10/turn               (no ring)

@: lethally poisoned (0 -> -4)
A: beak, talons 3
a: no special abilities


You were on level 2 of the Dungeon.
You visited 1 branch of the dungeon, and saw 2 of its levels.

You collected 24 gold pieces.


Innate Abilities, Weirdness & Mutations

You have a beak for a mouth.
You have claws for feet.


   Skills:
 - Level 2.0 Fighting
 + Level 4.1 Axes
 - Level 1.0 Throwing
 - Level 1.1 Armour
 - Level 2.1 Dodging
 - Level 2.0 Spellcasting
 - Level 2.4 Translocations


You had 6 spell levels left.
You didn't know any spells.
Your spell library contained the following spells:

 Spells                   Type           Power      Damage    Failure   Level
 Blink                    Tloc           14%        N/A       19%         2
 Gell's Gravitas          Tloc           7%         N/A       36%         3
 Lesser Beckoning         Tloc           7%         N/A       36%         3
 Teleport Other           Tloc           7%         N/A       36%         3
 Manifold Assault         Tloc           7%         N/A       98%         5

Inventory:

Hand Weapons
 f - a +0 mace
 Y - a +0 hand axe (weapon)
Armour
 b - a +0 leather armour (worn)
Potions
 e - a potion of haste
 h - a potion of resistance {unknown}
 i - a potion of flight {unknown}

Dungeon Overview and Level Annotations

Branches:
Dungeon (2/15)

Altars:

Shops:
D:1 (


Message History

The dart slug is moderately wounded.
An adder comes into view.
The bat hits you but does no damage. The dart slug launches a dart at you.
The slug dart hits you.
You hit the dart slug. You peck the dart slug.
The dart slug is almost dead.
You hit the bat.
You kill the bat!
You hit the dart slug.
You kill the dart slug!
Your Axes skill increases to level 4!
You barely miss the worm. You claw the worm.
The worm is lightly wounded.
The worm barely misses you.
You hit the worm. You peck the worm.
The worm is moderately wounded.
You hit the goblin.
You kill the goblin!
The adder barely misses you.
You hit the worm but do no damage. You claw the worm. You peck the worm.
The worm is heavily wounded.
You closely miss the adder. The adder barely misses you. The worm bites you.
You barely miss the worm. You claw the worm!
The worm is almost dead.
You miss the adder. The adder barely misses you. The worm barely misses you.
You hit the worm.
You kill the worm!
You miss the adder. The adder bites you.
You are lethally poisoned!
The adder poisons you! The adder bites you but does no damage.
You closely miss the adder.
You feel sick. The adder barely misses you.
You hit the adder but do no damage. Your kick misses the adder.
You feel sick. The adder barely misses you. The adder bites you.
You hit the adder but do no damage. Your kick misses the adder.
You die...

########
##.<....##
#..........
######..####..##
#.......#.......
#.##...@..# #
#.#S<### ...#...
#..# ##.## #..
#.# #. ..# ...
...


You could see an adder.

Vanquished Creatures
  A worm (D:2)
  2 dart slugs
  3 bats
  An endoplasm (D:1)
  A giant cockroach (D:1)
  3 goblins
  5 hobgoblins
  3 ball pythons (D:1)
  A frilled lizard (D:1)
  3 kobolds (D:1)
  8 rats (D:1)
31 creatures vanquished.

Notes
Turn   | Place    | Note
-------+----------+-------------------------------------------
     0 | D:1      | qw the Tengu Warper began the quest for the Orb.
     0 | D:1      | Reached XP level 1. HP: 12/12 MP: 4/4
     0 | D:1      | 0 ||| qw: Version: 0.1-a-89-g26bdef1
     0 | D:1      | 0 ||| qw: Game counter: 3343
     0 | D:1      | 0 ||| qw: Always use a shield: true
     0 | D:1      | 0 ||| qw: God list: Okawaru
     0 | D:1      | 0 ||| qw: Allow faded altars: false
     0 | D:1      | 0 ||| qw: Do Orc after D:15 true
     0 | D:1      | 0 ||| qw: Do second Lair branch before Depths: true
     0 | D:1      | 0 ||| qw: Lair rune preference: random
     0 | D:1      | 0 ||| qw: Plans: Normal
     0 | D:1      | 0 ||| PLANNING D:1-11
   137 | D:1      | 137 ||| Stepping ~*~*~tactically~*~*~ (stealth).
   140 | D:1      | Reached XP level 2. HP: 12/17 MP: 6/6
   141 | D:1      | Reached skill level 3 in Axes
   273 | D:1      | Found Pimilisi's Antique Weapon Boutique.
   282 | D:1      | 282 ||| SHOPLISTING faintly glowing hand axe (232 gold,
                  | have 13).
   282 | D:1      | 282 ||| SHOPLISTING glowing mace (174 gold, have 13).
   282 | D:1      | 282 ||| SHOPLISTING war axe (101 gold, have 13).
   308 | D:1      | 308 ||| Stepping ~*~*~tactically~*~*~ (stealth).
   309 | D:1      | 309 ||| Stepping ~*~*~tactically~*~*~ (stealth).
   442 | D:1      | Found a faded altar of an unknown god.
   609 | D:1      | Reached XP level 3. HP: 21/21 MP: 7/7
   620 | D:1      | 620 ||| Stepping ~*~*~tactically~*~*~ (hiding).
   678 | D:1      | 678 ||| Stepping ~*~*~tactically~*~*~ (hiding).
   780 | D:1      | 780 ||| Stepping ~*~*~tactically~*~*~ (hiding).
  1161 | D:1      | 1161 ||| READING scroll labelled GUPHAE DEENEJ.
  1162 | D:1      | 1162 ||| DRINKING 2 smoky white potions.
  1163 | D:1      | 1163 ||| DROPPING scroll of blinking.
  1240 | D:2      | Reached skill level 4 in Axes
  1245 | D:2      | HP: 5/21 [poisoned by an adder]
  1246 | D:2      | HP: 1/21 [adder (2)]
  1247 | D:2      | Succumbed to an adder's poison

Levels and vault maps discovered:
D:1:      dpeg_arrival_leaves_temple_mockup, layout_loops_ring, serial_shops,
          shop, hellmonk_ecumenical_altar_leap_of_faith, minmay_misc_feat_tiny
D:2:      layout_loops_cross, serial_shops, shop, nicolae_shop_statue_plus,
          nicolae_shop_trees, uniq_sigmund, uniq_terence

Skill      XL: |  1  2  3 |
---------------+----------+-----
Axes           | 3 4 |  4.1
Fighting       | |  2.0
Throwing       | |  1.0
Armour         | |  1.1
Dodging        | |  2.1
Spellcasting   | |  2.0
Translocations | |  2.4

Action                   || total
-------------------------++-------
Melee: Hand axe          ||    58
       Kick              ||    12
       Peck              ||     6
Throw: Boomerang         ||     7
  Use: Scroll            ||     1
       Potion            ||     1
Armor: Leather armour    ||    13
Dodge: Dodged            ||    24

Table legend:
 A = Non-vault XP
 B = Vault XP
 C = Vault XP percentage of total XP
 D = Non-vault monster count
 E = Vault monster count
 F = Vault count percentage of total count
                 A         B        C        D         E       F
            +---------+---------+-------+---------+---------+-------
      Total |      55 |       0 |   0.0 |      31 |       0 |   0.0
            +---------+---------+-------+---------+---------+-------
        D:1 |      39 |       0 |   0.0 |      25 |       0 |   0.0
        D:2 |      16 |       0 |   0.0 |       6 |       0 |   0.0
            +---------+---------+-------+---------+---------+-------
